 Dungeon Crawl Stone Soup version 0.28.0-45-g0d030f2227 (webtiles) character file.

Game seed: 507852288027934980

3571 jimonade the Thaumaturge (level 10, -3/69 HPs)
             Began as a Djinni Hedge Wizard on Apr 6, 2022.
             Slain by an unseen horror (10 damage)
             ... on level 7 of the Dungeon.
             The game lasted 00:48:00 (14098 turns).

jimonade the Thaumaturge (Djinni Hedge Wizard)     Turns: 14098, Time: 00:48:00

Health: -3/69      AC:  5    Str: 13    XL:     10   Next: 30%
Gold:   382        EV: 10    Int: 15    God:
                   SH:  8    Dex: 14

rFire   + + +      SeeInvis .   z - +8 dagger of Qisas {vorpal, rF+ rCorr Stlth+}
rCold   x . .      Faith    .   r - +0 kite shield
rNeg    . . .      Spirit   .   K - +0 troll leather armour {Pargi}
rPois   ∞          Reflect  .   c - +0 hat
rElec   .          Harm     .   (no cloak)
rCorr   +          Rampage  .   s - +0 pair of gloves
Will    +....                   (boots unavailable)
Stlth   +++.......              o - amulet of regeneration
HPRegen 1.81/turn               (no ring)
MPRegen 0.00/turn               (no ring)

@: swift (expiring), flying, quick
A: sickness immunity, fire resistance 2, cold vulnerability 1, float, innate
caster, HP casting, extra vitality 1
a: no special abilities


You were on level 7 of the Dungeon.
You visited 1 branch of the dungeon, and saw 7 of its levels.
You also visited: Sewer.

You collected 382 gold pieces.

Inventory:

Hand Weapons
 a - a +0 dagger
 d - a +0 short sword
 q - a +0 trident
 z - the +8 dagger of Qisas (weapon) {vorpal, rF+ rCorr Stlth+}
   (You found it on level 4 of the Dungeon)

   It inflicts extra damage upon your enemies.
   rF:        It protects you from fire.
   rCorr:     It protects you from acid and corrosion.
   Stlth:     It makes you more stealthy.
 C - a +0 whip of flaming
 I - a +0 hand crossbow
 R - a +2 dagger of pain
Missiles
 e - 26 poisoned darts (quivered)
 f - 7 boomerangs
 g - 53 sling bullets
 h - 66 arrows
 p - 157 stones
 t - 57 bolts
 x - 5 javelins
 J - 5 silver javelins
Armour
 b - a +0 robe
 c - a +0 hat (worn)
 i - a +0 ring mail
 k - a +0 plate armour
 r - a +0 kite shield (worn)
 s - a +0 pair of gloves (worn)
 D - a +0 leather armour
 K - a +0 troll leather armour (worn) {Pargi}
 N - +0 acid dragon scales
 P - a +0 plate armour
Magical Staves
 m - a staff of death
 E - a staff of air
Jewellery
 o - an amulet of regeneration (around neck)
Wands
 F - a wand of charming (2)
Scrolls
 j - 6 scrolls of identify
 u - a scroll of enchant weapon {unknown}
 y - a scroll of immolation
 A - a scroll of amnesia {unknown}
 B - a scroll of noise {unknown}
 G - a scroll of brand weapon {unknown}
 L - 2 scrolls of magic mapping
 O - 2 scrolls of blinking {unknown}
 Q - a scroll of vulnerability {unknown}
Potions
 l - 5 potions of curing
 n - a potion of heal wounds {unknown}
 v - a potion of berserk rage {unknown}
 w - 2 potions of degeneration {unknown}
 H - a potion of lignification {unknown}
 M - 3 potions of haste {unknown}


   Skills:
 * Level 4.6 Fighting
 * Level 4.5 Short Blades
 * Level 2.0 Throwing
 * Level 3.1 Armour
 - Level 2.1 Dodging
 - Level 1.5 Stealth
 * Level 2.9 Shields
 * Level 8.8 Spellcasting


You had 5 spell levels left.
You knew the following spells:

 Your Spells              Type           Power      Damage    Failure   Level
a - Magic Dart            Conj           100%       1d8       1%          1
b - Blink                 Tloc           66%        N/A       1%          2
c - Call Imp              Summ           33%        N/A       1%          2
d - Slow                  Hex            100%       N/A       1%          1
e - Conjure Flame         Conj/Fire      33%        6-21      3%          3
f - Mephitic Cloud        Conj/Pois/Air  33%        N/A       3%          3
g - Sandblast             Erth           66%        2d15      1%          1
h - Wereblood             Tmut           33%        N/A       1%          2
i - Swiftness             Air            33%        N/A       3%          3
j - Stone Arrow           Conj/Erth      66%        3d11      3%          3
Your spell library was empty.

Dungeon Overview and Level Annotations

Branches:
Dungeon (7/15)             Temple (0/1) D:4           Sewer (visited)

Altars:
Dithmenos
Elyvilon
Okawaru
Zin

Annotations:
D:3 3 runed translucent doors, nickcage's ghost, amateur DEFE; yohohoo's ghost, amateur SpAK
D:4 2 runed translucent doors, silky's ghost, amateur MiCK


Innate Abilities, Weirdness & Mutations

You are immune to sickness and miasma.
You are immune to poison.
Your flesh is very heat resistant. (rF++)
You are vulnerable to cold. (rC-)
You float through the air rather than walking.
You learn spells naturally, not from books.
Your magical power is your life essence.
You have superior vitality. (+4 MHP)


Message History

You closely miss something. Something hits you. Something hits you!
Something hits you. Something hits you! Something hits you! Something hits you.
You barely miss something. Something hits you but does no damage.
You completely miss something. Something hits you! Something hits you.
Something hits you!
* * * LOW HITPOINT WARNING * * *
You hit something. Something hits you.
* * * LOW HITPOINT WARNING * * *
You puncture something! Something hits you!
* * * LOW HITPOINT WARNING * * *
Something hits you but does no damage. Something hits you.
* * * LOW HITPOINT WARNING * * *
Casting: Call Imp (safe; 1% risk of failure)
Confirm with . or Enter, or press ? or * to list all spells.
Okay, then.
Unknown command.
Unknown command.
You feel better. Something hits you.
* * * LOW HITPOINT WARNING * * *
Casting: Call Imp (safe; 1% risk of failure)
Confirm with . or Enter, or press ? or * to list all spells.
You feel quick.
* * * LOW HITPOINT WARNING * * *
Something hits you but does no damage. Something completely misses you.
Something hits you!
* * * LOW HITPOINT WARNING * * *
Something hits you.
* * * LOW HITPOINT WARNING * * *
Something hits you.
* * * LOW HITPOINT WARNING * * *
Something hits you.
* * * LOW HITPOINT WARNING * * *
You start to feel a little slower.
Something hits you!
You die...

### ##.######.# ..#
#.........# ###
#..######.# #..# #.# #
#. #..# ###.# ####
#####.###..# #...#
...###..##.#....# #.#.#
#.......##.#....####.#.#
#.......##.#....@......#
........>..#..######.###
#.......###...# #.#
............#.# #.#
#.......###...# #.#
######### ##..# #.# #
#..# #.# # #..# #.#
#..######.#


There were no monsters in sight!

Vanquished Creatures
  Joseph (D:7)
  Maggie (D:6)
  A steam dragon (D:7)
  2 orc warriors (D:6)
  Pargi (Sewer)
  An ice beast (D:5)
  5 ogres
  A sky beast (D:7)
  A centaur (D:6)
  A phantom (D:7)
  2 kobold brigands (D:7)
  2 bullfrogs (D:7)
  A water moccasin zombie (D:5)
  6 scorpions
  A gnoll sergeant (D:3)
  A howler monkey (D:4)
  3 hounds
  A jelly (D:4)
  A centaur skeleton (D:5)
  7 orc priests
  3 bullfrog skeletons
  2 iguanas (D:5)
  4 orc wizards
  A howler monkey zombie (D:5)
  5 gnolls
  4 adders
  A shadow imp (D:7)
  2 ufetubi
  A worm (D:2)
  2 dart slugs
  15 orcs
  8 bats
  12 endoplasms
  8 giant cockroaches
  7 goblins
  7 hobgoblins
  7 jackals
  12 kobolds
  6 quokkas
  13 ball pythons
  2 frilled lizards (D:1)
  A quokka skeleton (D:4)
  12 rats
175 creatures vanquished.

Vanquished Creatures (collateral kills)
  A phantom (D:4)
  A bullfrog skeleton (D:5)
  A hound (D:5)
  An iguana (D:7)
  2 gnolls (D:2)
  7 endoplasms
  6 giant cockroaches (D:1)
  A hobgoblin (D:2)
  4 kobolds
  3 rats (D:1)
27 creatures vanquished.

Grand Total: 202 creatures vanquished

Notes
Turn   | Place    | Note
-------+----------+-------------------------------------------
     0 | D:1      | jimonade the Djinni Hedge Wizard began the quest for the
                  | Orb.
     0 | D:1      | Reached XP level 1. HP: 15/15 MP: 0/0
     1 | D:1      | Found a runed translucent door.
   646 | D:1      | Reached XP level 2. HP: 17/21 MP: 0/0
  1015 | D:1      | Reached skill level 3 in Spellcasting
  1044 | D:1      | Reached XP level 3. HP: 16/26 MP: 0/0
  1044 | D:1      | Learned a level 1 spell: Sandblast
  2055 | D:1      | Reached XP level 4. HP: 20/31 MP: 0/0
  2076 | D:1      | Reached skill level 1 in Fighting
  3888 | D:2      | Reached skill level 4 in Spellcasting
  3888 | D:2      | Reached XP level 5. HP: 24/37 MP: 0/0
  3888 | D:2      | Learned a level 2 spell: Wereblood
  5320 | D:2      | HP: 1/37 [frozen (6)]
  5730 | D:3      | Found a runed translucent gate.
  5731 | D:3      | Found a runed translucent gate.
  5731 | D:3      | Found a runed translucent gate.
  5732 | D:3      | Noticed yohohoo's ghost (amateur SpAK)
  5732 | D:3      | Noticed nickcage's ghost (amateur DEFE)
  6318 | D:3      | Reached XP level 6. HP: 34/43 MP: 0/0
  7479 | D:4      | Reached skill level 5 in Spellcasting
  7844 | D:4      | Found a white marble altar of Elyvilon.
  7958 | D:4      | Found an iron altar of Okawaru.
  8035 | D:4      | Found a shadowy altar of Dithmenos.
  8036 | D:4      | Found a glowing silver altar of Zin.
  8262 | D:4      | Reached XP level 7. HP: 44/49 MP: 0/0
  8262 | D:4      | Learned a level 3 spell: Swiftness
  8412 | D:4      | Found a staircase to the Ecumenical Temple.
  9048 | D:4      | Reached skill level 6 in Spellcasting
  9628 | D:4      | Reached XP level 8. HP: 43/55 MP: 0/0
  9836 | D:4      | Identified the +8 dagger of Qisas {vorpal, rF+ rCorr
                  | Stlth+}
  9990 | D:4      | Found a large runed translucent door.
  9990 | D:4      | Found a large runed translucent door.
  9993 | D:4      | Noticed silky's ghost (amateur MiCK)
 10276 | D:5      | Entered Level 5 of the Dungeon
 10710 | D:5      | Reached skill level 7 in Spellcasting
 11108 | D:5      | Reached skill level 1 in Short Blades
 11498 | D:5      | Reached XP level 9. HP: 14/61 MP: 0/0
 11498 | D:5      | Learned a level 3 spell: Stone Arrow
 11607 | D:5      | Reached skill level 1 in Shields
 12132 | D:6      | Found a glowing drain.
 12136 | Sewer    | Entered a sewer
 12214 | Sewer    | Noticed Pargi
 12218 | Sewer    | Killed Pargi
 12308 | D:6      | Reached skill level 8 in Spellcasting
 12454 | D:6      | Noticed Maggie
 12476 | D:6      | Killed Maggie
 12477 | D:6      | Reached skill level 1 in Armour
 12598 | D:6      | Reached skill level 1 in Throwing
 13402 | D:7      | Noticed Joseph
 13422 | D:7      | Killed Joseph
 13423 | D:7      | Reached XP level 10. HP: 51/69 MP: 0/0
 14081 | D:7      | HP: 1/69 [something (5)]
 14095 | D:7      | HP: 3/69 [something (2)]
 14098 | D:7      | Slain by an unseen horror

Illustrated notes

Levels and vault maps discovered:
D:1:      dpeg_arrival_caged_fury, layout_rooms, serial_rivers,
          chequers_serial_rivers_small_3, chequers_serial_rivers_micro_c,
          chequers_serial_rivers_small_b, chequers_serial_rivers_large_a,
          chequers_serial_rivers_small_3
D:2:      layout_basic, hangedman_decor_diamond_cutter, grunt_ministairs_12,
          minmay_stone_trees_small, minmay_parallelograms, minmay_3d_cube
D:3:      layout_basic, gammafunk_ghost_cemetery
D:4:      minmay_clustersquares, layout_basic, jmf_multi_god_temple,
          gammafunk_temple_overflow_statue, minmay_temple_entry_junction_2,
          ebering_ghost_disaster_area, minmay_misc_feat_cross, st_stairs_3,
          hex_intersection, minmay_misc_feat_roman, minmay_misc_feat_chi
D:5:      layout_layer_cave
D:6:      layout_basic, gup_sewer_entry_spiral, uniq_maggie
D:7:      layout_loops_ring, grunt_temple_overflow_lords_of_destruction,
          uniq_joseph

Skill      XL: |  1  2  3  4  5  6  7  8  9 10 |
---------------+-------------------------------+-----
Spellcasting   | 3 4 5 6 7 8 |  8.8
Fighting       | 1 2 3 4 |  4.6
Short Blades   | 1 3 4 |  4.5
Shields        | 2 |  2.9
Armour         | 2 3 |  3.1
Throwing       | 1 2 |  2.0
Dodging        | |  2.1
Stealth        | |  1.5

Action                   |  1- 3 |  4- 6 |  7- 9 | 10-12 || total
-------------------------+-------+-------+-------+-------++-------
Melee: Dagger            |    23 |   113 |   169 |    60 ||   365
       Punch             |       |     7 |       |       ||     7
 Cast: Magic Dart        |    63 |   116 |   113 |     2 ||   294
       Call Imp          |     3 |    23 |    17 |     5 ||    48
       Wereblood         |       |     3 |       |       ||     3
       Mephitic Cloud    |       |    16 |    38 |    10 ||    64
       Conjure Flame     |       |     2 |     6 |       ||     8
       Sandblast         |       |     2 |     1 |       ||     3
       Slow              |       |       |     3 |       ||     3
       Swiftness         |       |       |     1 |     1 ||     2
  Use: Scroll            |       |       |     3 |       ||     3
       Potion            |       |       |       |     1 ||     1
 Stab: Sleeping          |     1 |       |     8 |       ||     9
       Confused          |       |     5 |    16 |     2 ||    23
Armor: Robe              |     2 |    33 |    15 |       ||    50
       Troll leather arm |       |       |     3 |    15 ||    18
Dodge: Dodged            |    17 |   148 |    80 |    17 ||   262
Block: Kite shield       |       |       |    32 |    18 ||    50
